 Dungeon Crawl Stone Soup version 0.29-a0-962-gc8bbfd0a37 (webtiles) character file.

Game seed: 12355770646165767512

51 wilfster70 the Trooper (level 3, -7/24 HPs)
             Began as a Gargoyle Fighter on July 30, 2022.
             Mangled by an ogre
             ... wielding a +0 giant spiked club
              (12 damage)
             ... on level 2 of the Dungeon.
             The game lasted 00:05:10 (1735 turns).

wilfster70 the Trooper (Gargoyle Fighter)           Turns: 1735, Time: 00:05:11

Health: -7/24      AC: 10    Str: 19    XL:     3   Next: 83%
Magic:  3/3        EV:  9    Int: 10    God:
Gold:   118        SH:  5    Dex:  9    Spells: 1/2 levels left

rFire   . . .      SeeInvis .   a - +0 war axe
rCold   . . .      Faith    .   c - +1 buckler
rNeg    + . .      Spirit   .   b - +0 scale mail
rPois   ∞          Reflect  .   (no helmet)
rElec   +          Harm     .   (no cloak)
rCorr   .          Rampage  .   (no gloves)
Will    .....                   (no boots)
Stlth   ..........              (no amulet)
HPRegen 0.08/turn               e - ring of wizardry
MPRegen 0.08/turn               (no ring)

@: mighty
A: sickness immunity, AC +3, negative energy resistance 1, electricity
resistance, torment resistance 1, petrification resistance
a: no special abilities


You were on level 2 of the Dungeon.
You visited 1 branch of the dungeon, and saw 2 of its levels.

You collected 118 gold pieces.

Inventory:

Hand Weapons
 a - a +0 war axe (weapon)
Missiles
 l - 5 javelins (quivered)
Armour
 b - a +0 scale mail (worn)
 c - a +1 buckler (worn)
Jewellery
 e - a ring of wizardry (left hand)
 g - a ring of fire
 m - an amulet of magic regeneration
Scrolls
 f - 2 scrolls of summoning
 j - a scroll of torment {unknown}
Potions
 h - 2 potions of heal wounds
 i - a potion of berserk rage {unknown}
 k - 3 potions of cancellation


   Skills:
 + Level 3.7 Fighting
 * Level 2.6 Axes
 + Level 3.7 Armour
 + Level 3.7 Shields


You had one spell level left.
You knew the following spells:

 Your Spells              Type           Power      Damage    Failure   Level
a - Freeze                Ice            0%         1d3       47%         1

Your spell library contained the following spells:

 Spells                   Type           Power      Damage    Failure   Level
 Summon Guardian Golem    Hex/Summ       0%         N/A       83%         3
 Orb of Destruction       Conj           0%         9d5       100%        7
 Spellforged Servitor     Conj/Summ      0%         N/A       100%        7


Dungeon Overview and Level Annotations

Branches:
Dungeon (2/15)

Altars:

Shops:
D:2 [


Innate Abilities, Weirdness & Mutations

You are immune to sickness and miasma.
Your stone body is resilient. (AC +3)
You are immune to poison.
You resist negative energy. (rN+)
You are resistant to electric shocks. (rElec)
You are resistant to unholy torment.
You are immune to petrification.


Message History

Moving in this stuff is going to be slow.
A worm comes into view.
A worm is nearby!
You enter the shallow water.
Moving in this stuff is going to be slow.
The worm splashes around in the water.
You hit the worm but do no damage. The worm bites you.
You slash the worm!
The worm is heavily wounded.
The worm bites you but does no damage.
You barely miss the worm.
The worm is heavily wounded.
The worm splashes around in the water.
You slash the worm!
You kill the worm!
No target in view!
You start resting.
HP restored.
You start waiting.
Done waiting.
You enter the shallow water.
Moving in this stuff is going to be slow.
You see here a worm corpse.
You enter the shallow water.
Moving in this stuff is going to be slow.
An ogre comes into view. It is wielding a +0 giant spiked club.
The ogre shouts!
An ogre is nearby!
You enter the shallow water.
Moving in this stuff is going to be slow.
You aren't carrying any items that you can evoke.
You feel very mighty all of a sudden.
You closely miss the ogre.
The ogre hits you with a +0 giant spiked club!!
Ouch! That really hurt!
* * * LOW HITPOINT WARNING * * *
You closely miss the ogre.
The ogre hits you with a +0 giant spiked club!
Ouch! That really hurt!
You die...

..#..#####.....# .##
#..# .##........###.##
#..# ........####♣P.P♣
#..# ...........#♣≈≈P♣
#..# ##......##.♣♣♣≈♣♣
#..# #........♣♣♣.≈♣
.... ####.##♣♣♣♣♣♣.♣♣♣
♣♣# ### ....
♣≈♣≈..†.♣♣♣P##.....
...#..≈≈≈≈≈≈≈@O≈≈....#
####≈PPP≈≈≈≈♣≈♣≈♣...#
#♣♣♣♣♣P≈♣♣♣♣♣♣#......
♣P.P #.#### ♣♣≈♣ .#
♣≈♣ # P.♣


You could see an ogre.

Vanquished Creatures
  An adder (D:2)
  A worm (D:2)
  A dart slug (D:1)
  2 endoplasms
  4 giant cockroaches (D:1)
  3 goblins
  7 hobgoblins
  2 kobolds
  4 ball pythons (D:1)
  3 bats
  3 frilled lizards
  4 rats
35 creatures vanquished.

Notes
Turn   | Place    | Note
-------+----------+-------------------------------------------
     0 | D:1      | wilfster70 the Gargoyle Fighter began the quest for the
                  | Orb.
     0 | D:1      | Reached XP level 1. HP: 14/14 MP: 1/1
   103 | D:1      | Found a faded altar of an unknown god.
   124 | D:1      | Got Plato's Folio of Congelation
   181 | D:1      | Reached XP level 2. HP: 18/19 MP: 2/2
   183 | D:1      | Learned a level 1 spell: Freeze
  1006 | D:1      | Reached XP level 3. HP: 23/23 MP: 3/3
  1346 | D:2      | Found Empoiqex's Antique Armour Shop.
  1728 | D:2      | Noticed an ogre
  1735 | D:2      | Mangled by an ogre

Illustrated notes

Levels and vault maps discovered:
D:1:      amcnicky_arrival_wind_blow, layout_loops_corners,
          shapermc_ecumenical_altar_rom_forum
D:2:      layout_loops_ring, serial_shops, nicolae_shop_behind_doors,
          serial_bayou_crossing

Skill      XL: |  1 |
---------------+----+-----
Axes           | 2 |  2.6
Fighting       | |  3.7
Armour         | |  3.7
Shields        | |  3.7

Action                   || total
-------------------------++-------
Melee: War axe           ||   102
  Use: Scroll            ||     6
       Potion            ||     1
Armor: Scale mail        ||    58
Dodge: Dodged            ||    52
Block: Buckler           ||    22

Table legend: (Time is in decaauts)
 A = Elapsed time spent in this place.
 B = Non-inter-level travel time spent in this place.
 C = Inter-level travel time spent in this place.
 D = Time resting spent in this place.
 E = Time spent auto-exploring this place.
 F = Levels seen in this place.
 G = Mean time per level.
                   A        B        C        D        E       F      G
               +--------+--------+--------+--------+--------+-----+--------+
         Total |   1782 |   1766 |     16 |    366 |    757 |   2 |  891.0 |
       Dungeon |   1782 |   1766 |     16 |    366 |    757 |   2 |  891.0 |
               +--------+--------+--------+--------+--------+-----+--------+

Top non-repeatable levels by time:
     D:1: 1116 daAuts
     D:2: 665 daAuts
